TOP OF THE 1ST |
Grim Reapers batting - Pitching for Myrtle Beach Seahawks : RHP Raneem Zogby
|
Pitching: RHP Raneem Zogby
|
|
Batting: RHB David Gaston
|
0-0: Ball 1-0: Called Strike 1-1: Ground out 4-3 (Groundball, 4)
|
Batting: RHB Lu-fang Koo
|
0-0: Ball 1-0: Ball 2-0: Ball 3-0: Base on Balls
|
Batting: RHB Milos Jaksch
|
0-0: Ball 1-0: Fly out, F8 (Line Drive, 8LD)
|
Batting: RHB Colby King
|
0-0: Called Strike 0-1: SINGLE (Line Drive, 8LS) Lu-fang Koo to second
|
Batting: RHB Lee Benjamin
|
0-0: Ball 1-0: Ball 2-0: Ball 3-0: Called Strike 3-1: Foul Ball, location: 2F 3-2: Base on Balls Lu-fang Koo to third Colby King to second
|
Batting: LHB Kei-thing Zhang
|
0-0: Called Strike 0-1: Ball 1-1: Swinging Strike 1-2: Ground out 4-3 (Groundball, 4)
|
Top of the 1st over - 0 runs, 1 hit, 0 errors, 3 left on base; Grim 0 - Myrtle Beach 0 |
BOTTOM OF THE 1ST |
Myrtle Beach Seahawks batting - Pitching for Grim Reapers : RHP Andy Fallon
|
Pitching: RHP Andy Fallon
|
|
Batting: LHB Dallas Ihde
|
0-0: Ball 1-0: Fly out, F5 (Line Drive, 56)
|
Batting: LHB Ijsbrand Erkelens
|
0-0: Called Strike 0-1: Ball 1-1: Ball 2-1: Ball 3-1: Base on Balls
|
Batting: LHB Danny Trautmann
|
0-0: Fly out, F6 (Popup, P)
|
Batting: RHB Aquiles Morda
|
0-0: Ball Ijsbrand Erkelens is caught stealing 2nd base
|
Bottom of the 1st over - 0 runs, 0 hits, 0 errors, 0 left on base; Grim 0 - Myrtle Beach 0 |
TOP OF THE 2ND |
Grim Reapers batting - Pitching for Myrtle Beach Seahawks : RHP Raneem Zogby
|
Batting: RHB Mun-wah Law
|
0-0: Ground out 5-3 (Groundball, 56)
|
Batting: RHB Mason Congdon
|
0-0: Ball 1-0: Fly out, F5 (Popup, 5SF)
|
Batting: RHB Keohi Iese
|
0-0: Called Strike 0-1: Called Strike 0-2: Strikes out swinging
|
Top of the 2nd over - 0 runs, 0 hits, 0 errors, 0 left on base; Grim 0 - Myrtle Beach 0 |
BOTTOM OF THE 2ND |
Myrtle Beach Seahawks batting - Pitching for Grim Reapers : RHP Andy Fallon
|
Batting: RHB Aquiles Morda
|
0-0: Foul Ball, location: 2F 0-1: Foul Ball, location: 2F 0-2: Ball 1-2: Ground out 1-3 (Groundball, 13S)
|
Batting: LHB Gabriel Amezquita
|
0-0: Called Strike 0-1: Ball 1-1: Ground out 4-3 (Groundball, 4MS)
|
Batting: RHB Luke Thornton
|
0-0: Called Strike 0-1: Called Strike 0-2: Strikes out swinging
|
Bottom of the 2nd over - 0 runs, 0 hits, 0 errors, 0 left on base; Grim 0 - Myrtle Beach 0 |
TOP OF THE 3RD |
Grim Reapers batting - Pitching for Myrtle Beach Seahawks : RHP Raneem Zogby
|
Batting: RHB David Gaston
|
0-0: Called Strike 0-1: Swinging Strike 0-2: Foul Ball, location: 2F 0-2: Foul Ball, location: 2F 0-2: Strikes out swinging
|
Batting: RHB Lu-fang Koo
|
0-0: Called Strike 0-1: Foul Ball, location: 2F 0-2: Ball 1-2: SINGLE (Groundball, 4MD)
|
Batting: RHB Milos Jaksch
|
0-0: Ball Lu-fang Koo is caught stealing 2nd base 1-0: Fly out, F9 (Flyball, 9S)
|
Top of the 3rd over - 0 runs, 1 hit, 0 errors, 0 left on base; Grim 0 - Myrtle Beach 0 |
BOTTOM OF THE 3RD |
Myrtle Beach Seahawks batting - Pitching for Grim Reapers : RHP Andy Fallon
|
Batting: LHB Joo-young Yo
|
0-0: Ball 1-0: Ball 2-0: DOUBLE (Flyball, 8LD)
|
Batting: RHB Juan Mata
|
0-0: Foul Ball, location: 2F 0-1: Ball 1-1: Ground out 6-3 (Groundball, 6)
|
Batting: LHB Peter Ough
|
0-0: Called Strike 0-1: Foul Ball, location: 2F 0-2: Ground out 5-3 (Groundball, 56S) Joo-young Yo to third
|
Batting: LHB Dallas Ihde
|
0-0: Swinging Strike 0-1: Ball 1-1: Called Strike 1-2: Strikes out swinging
|
Bottom of the 3rd over - 0 runs, 1 hit, 0 errors, 1 left on base; Grim 0 - Myrtle Beach 0 |
TOP OF THE 4TH |
Grim Reapers batting - Pitching for Myrtle Beach Seahawks : RHP Raneem Zogby
|
Batting: RHB Colby King
|
0-0: Ball 1-0: Foul Ball, location: 2F 1-1: DOUBLE (Flyball, 78D)
|
Batting: RHB Lee Benjamin
|
0-0: Called Strike 0-1: Ball 1-1: Called Strike 1-2: Ball 2-2: Ground out 5-3 (Groundball, 5)
|
Batting: LHB Kei-thing Zhang
|
0-0: Called Strike 0-1: Foul Ball, location: 2F 0-2: Ball 1-2: Fly out, F9 (Flyball, 9)
|
Batting: RHB Mun-wah Law
|
0-0: Ball 1-0: Ball 2-0: Ball 3-0: Called Strike 3-1: Base on Balls
|
Batting: RHB Mason Congdon
|
0-0: Called Strike 0-1: Swinging Strike 0-2: Ball 1-2: Ground out U3 (Groundball, 34)
|
Top of the 4th over - 0 runs, 1 hit, 0 errors, 2 left on base; Grim 0 - Myrtle Beach 0 |
BOTTOM OF THE 4TH |
Myrtle Beach Seahawks batting - Pitching for Grim Reapers : RHP Andy Fallon
|
Batting: LHB Ijsbrand Erkelens
|
0-0: DOUBLE (Line Drive, 8RXD)
|
Batting: LHB Danny Trautmann
|
0-0: Called Strike 0-1: Ground out 4-3 (Groundball, 4) Ijsbrand Erkelens to third
|
Batting: RHB Aquiles Morda
|
0-0: Foul Ball, location: 2F 0-1: Ball 1-1: Called Strike 1-2: Foul Ball, location: 2F 1-2: Foul Ball, location: 2F 1-2: Strikes out looking
|
Batting: LHB Gabriel Amezquita
|
0-0: Ball 1-0: Swinging Strike 1-1: Ball 2-1: Foul Ball, location: 2F 2-2: Strikes out looking
|
Bottom of the 4th over - 0 runs, 1 hit, 0 errors, 1 left on base; Grim 0 - Myrtle Beach 0 |
TOP OF THE 5TH |
Grim Reapers batting - Pitching for Myrtle Beach Seahawks : RHP Raneem Zogby
|
Batting: RHB Keohi Iese
|
0-0: Ball 1-0: Foul Ball, location: 2F 1-1: Hit by Pitch
|
Batting: RHB David Gaston
|
0-0: Ball 1-0: Sac Bunt - play at first, batter OUT! 3-4 Keohi Iese to second
|
Batting: RHB Lu-fang Koo
|
0-0: Called Strike 0-1: Swinging Strike 0-2: Strikes out swinging
|
Batting: RHB Milos Jaksch
|
0-0: Ball 1-0: Swinging Strike 1-1: Ground out 5-3 (Groundball, 56)
|
Top of the 5th over - 0 runs, 0 hits, 0 errors, 1 left on base; Grim 0 - Myrtle Beach 0 |
BOTTOM OF THE 5TH |
Myrtle Beach Seahawks batting - Pitching for Grim Reapers : RHP Andy Fallon
|
Batting: RHB Luke Thornton
|
0-0: Called Strike 0-1: Fly out, F8 (Line Drive, 8LD)
|
Batting: LHB Joo-young Yo
|
0-0: Fly out, F9 (Flyball, 9LS)
|
Batting: RHB Juan Mata
|
0-0: Ball 1-0: Fly out, F7 (Flyball, 78S)
|
Bottom of the 5th over - 0 runs, 0 hits, 0 errors, 0 left on base; Grim 0 - Myrtle Beach 0 |
TOP OF THE 6TH |
Grim Reapers batting - Pitching for Myrtle Beach Seahawks : RHP Raneem Zogby
|
Batting: RHB Colby King
|
0-0: Called Strike 0-1: Ball 1-1: Fly out, F9 (Flyball, 9D)
|
Batting: RHB Lee Benjamin
|
0-0: Foul Ball, location: 2F 0-1: Ball 1-1: Called Strike 1-2: SINGLE (Line Drive, 7S)
|
Batting: LHB Kei-thing Zhang
|
0-0: Ball 1-0: Called Strike 1-1: Ball 2-1: SINGLE (Line Drive, 4MD) Lee Benjamin to second
|
Batting: RHB Mun-wah Law
|
0-0: Called Strike 0-1: Ball 1-1: Swinging Strike 1-2: Strikes out swinging
|
Pitching: RHP Greyfriars Bobby
|
|
Batting: RHB Mason Congdon
|
0-0: Ball 1-0: Ball 2-0: Called Strike 2-1: Ball 3-1: Base on Balls Lee Benjamin to third Kei-thing Zhang to second
|
Batting: RHB Keohi Iese
|
0-0: Foul Ball, location: 2F 0-1: DOUBLE (Flyball, 89XD) Lee Benjamin scores Kei-thing Zhang scores Mason Congdon to third Runner from 3rd tries for Home, SAFE, no throw
|
Batting: RHB David Gaston
|
0-0: Fly out, F9 (Flyball, 9S)
|
Top of the 6th over - 3 runs, 3 hits, 0 errors, 1 left on base; Grim 3 - Myrtle Beach 0 |
BOTTOM OF THE 6TH |
Myrtle Beach Seahawks batting - Pitching for Grim Reapers : RHP Andy Fallon
|
Batting: LHB Peter Ough
|
0-0: Called Strike 0-1: Ball 1-1: Called Strike 1-2: Ball 2-2: Ball 3-2: Ground out U3 (Groundball, 3)
|
Batting: LHB Dallas Ihde
|
0-0: Called Strike 0-1: Ball 1-1: Called Strike 1-2: Strikes out swinging
|
Batting: LHB Ijsbrand Erkelens
|
0-0: Ball 1-0: Foul Ball, location: 2F 1-1: Foul Ball, location: 2F 1-2: Foul Ball, location: 2F 1-2: Ball 2-2: Strikes out swinging
|
Bottom of the 6th over - 0 runs, 0 hits, 0 errors, 0 left on base; Grim 3 - Myrtle Beach 0 |
TOP OF THE 7TH |
Grim Reapers batting - Pitching for Myrtle Beach Seahawks : RHP Greyfriars Bobby
|
Batting: RHB Lu-fang Koo
|
0-0: Bunt for hit - play at first, batter safe!
|
Batting: RHB Milos Jaksch
|
0-0: Called Strike 0-1: Ball 1-1: Ball 2-1: Ball 3-1: Fly out, F9 (Line Drive, 9)
|
Batting: RHB Colby King
|
0-0: Fly out, F7 (Flyball, 78D)
|
Batting: RHB Lee Benjamin
|
0-0: Foul Ball, location: 2F 0-1: Ball 1-1: Ball 2-1: Swinging Strike 2-2: Ball 3-2: Strikes out swinging
|
Top of the 7th over - 0 runs, 1 hit, 0 errors, 1 left on base; Grim 3 - Myrtle Beach 0 |
BOTTOM OF THE 7TH |
Myrtle Beach Seahawks batting - Pitching for Grim Reapers : RHP Andy Fallon
|
Batting: LHB Danny Trautmann
|
0-0: Called Strike 0-1: Foul Ball, location: 2F 0-2: Ball 1-2: Fly out, F5 (Flyball, 5D)
|
Batting: RHB Aquiles Morda
|
0-0: Ball 1-0: Called Strike 1-1: Fly out, F9 (Flyball, 9S)
|
Batting: LHB Gabriel Amezquita
|
0-0: Swinging Strike 0-1: Ball 1-1: Foul Ball, location: 2F 1-2: Ball 2-2: SINGLE (Groundball, 4D)
|
Batting: RHB Luke Thornton
|
0-0: Called Strike 0-1: Ball 1-1: Foul Ball, location: 2F 1-2: 2-RUN HOME RUN (Flyball, 7D), Distance : 403 ft
|
Batting: LHB Joo-young Yo
|
0-0: Fly out, F7 (Line Drive, 7S)
|
Bottom of the 7th over - 2 runs, 2 hits, 0 errors, 0 left on base; Grim 3 - Myrtle Beach 2 |
TOP OF THE 8TH |
Grim Reapers batting - Pitching for Myrtle Beach Seahawks : RHP Greyfriars Bobby
|
Batting: LHB Kei-thing Zhang
|
0-0: Called Strike 0-1: Ball 1-1: Called Strike 1-2: Foul Ball, location: 2F 1-2: Ball 2-2: Strikes out looking
|
Batting: RHB Mun-wah Law
|
0-0: Swinging Strike 0-1: Swinging Strike 0-2: Ball 1-2: Foul Ball, location: 2F 1-2: Ball 2-2: Ball 3-2: Foul Ball, location: 2F 3-2: Strikes out swinging
|
Batting: RHB Mason Congdon
|
0-0: Swinging Strike 0-1: Called Strike 0-2: Foul Ball, location: 2F 0-2: Foul Ball, location: 2F 0-2: Ball 1-2: Ball 2-2: Ball 3-2: Strikes out swinging
|
Top of the 8th over - 0 runs, 0 hits, 0 errors, 0 left on base; Grim 3 - Myrtle Beach 2 |
BOTTOM OF THE 8TH |
Myrtle Beach Seahawks batting - Pitching for Grim Reapers : RHP Andy Fallon
|
Now at 1B: Luis Pagán
|
|
Batting: RHB Juan Mata
|
0-0: Ball 1-0: Ball 2-0: Called Strike 2-1: Fly out, F8 (Line Drive, 8LD)
|
Now in CF: Pete Bullock
|
|
Batting: LHB Peter Ough
|
0-0: Ball 1-0: Swinging Strike 1-1: Foul Ball, location: 2F 1-2: Strikes out swinging
|
Batting: LHB Dallas Ihde
|
0-0: Ball 1-0: Ball 2-0: Called Strike 2-1: Ball 3-1: Fly out, F8 (Flyball, 89D)
|
Bottom of the 8th over - 0 runs, 0 hits, 0 errors, 0 left on base; Grim 3 - Myrtle Beach 2 |
TOP OF THE 9TH |
Grim Reapers batting - Pitching for Myrtle Beach Seahawks : RHP Greyfriars Bobby
|
Batting: RHB Keohi Iese
|
0-0: Ball 1-0: Ball 2-0: SOLO HOME RUN (Flyball, 7LD), Distance : 368 ft
|
Batting: RHB Pete Bullock
|
0-0: Ball 1-0: Fly out, F9 (Line Drive, 9)
|
Batting: RHB Lu-fang Koo
|
0-0: Ball 1-0: Ball 2-0: Called Strike 2-1: TRIPLE (Line Drive, 89XD)
|
Pitching: RHP Sam Schultz
|
|
Batting: RHB Milos Jaksch
|
0-0: Called Strike 0-1: Called Strike 0-2: Foul Ball, location: 2F 0-2: Ball 1-2: Ball 2-2: Ground out 5-3 (Groundball, 5)
|
Batting: RHB Colby King
|
0-0: Ball 1-0: Ball 2-0: Ball 3-0: Called Strike 3-1: Swinging Strike 3-2: Fly out, F9 (Flyball, 9)
|
Top of the 9th over - 1 run, 2 hits, 0 errors, 1 left on base; Grim 4 - Myrtle Beach 2 |
BOTTOM OF THE 9TH |
Myrtle Beach Seahawks batting - Pitching for Grim Reapers : RHP Andy Fallon
|
Pitching: RHP Ángel Roldán
|
|
Batting: LHB Ijsbrand Erkelens
|
0-0: SINGLE (Line Drive, 7LM)
|
Batting: LHB Danny Trautmann
|
0-0: Ball 1-0: Called Strike 1-1: Ball 2-1: Ball 3-1: Called Strike 3-2: Strikes out swinging
|
Batting: RHB Aquiles Morda
|
0-0: Fly out, F3 (Popup, 3S)
|
Batting: LHB Gabriel Amezquita
|
0-0: Ball 1-0: Called Strike 1-1: Foul Ball, location: 2F 1-2: Ball 2-2: Ball 3-2: Fly out, F4 (Flyball, 34D)
|
Bottom of the 9th over - 0 runs, 1 hit, 0 errors, 1 left on base; Grim 4 - Myrtle Beach 2 |
|